 Dungeon Crawl Stone Soup version 0.21.1-1-g345015f (webtiles) character file.

90 inmateoo the Slasher (level 4, -2/33 HPs)
             Began as a Vampire Warper on July 19, 2018.
             Killed from afar by Terence (13 damage)
             ... with a wand of flame (19)
             ... on level 2 of the Dungeon.
             The game lasted 00:02:26 (1754 turns).

inmateoo the Slasher (Vampire Warper)               Turns: 1754, Time: 00:02:27

Health: -2/33      AC:  5    Str: 10    XL:     4   Next: 32%
Magic:  7/7        EV: 12    Int: 15    God:
Gold:   51         SH:  0    Dex: 14    Spells: 7/7 levels left

rFire    . . .     SeeInvis +   a - +0 falchion
rCold    . . .     Gourm    .   (no shield)
rNeg     . . .     Faith    .   b - +0 leather armour
rPois    .         Spirit   .   j - +0 helmet
rElec    .         Reflect  .   (no cloak)
rCorr    +         Harm     .   i - +0 pair of gloves
MR       .....                  (no boots)
Stlth    +.........             (no amulet)
HPRegen  0.31/turn              g - ring of resist corrosion
MPRegen  0.10/turn              (no ring)

@: regenerating quickly
A: fangs 3, see invisible, unbreathing
a: no special abilities


You were on level 2 of the Dungeon.
You were very full.

You visited 1 branch of the dungeon, and saw 2 of its levels.

You collected 51 gold pieces.

Inventory:

Hand Weapons
 a - a +0 falchion (weapon)
Missiles
 e - 5 tomahawks of dispersal (quivered)
 l - a throwing net
Armour
 b - a +0 leather armour (worn)
 i - a +0 pair of gloves (worn)
 j - a +0 helmet (worn)
Jewellery
 g - a ring of resist corrosion (left hand)
Wands
 q - a wand of iceblast (8)
Scrolls
 d - a scroll of blinking
 h - a scroll of teleportation
 r - a scroll of enchant armour {unknown}
Potions
 f - a potion of blood
 k - 2 potions of berserk rage
 m - a potion of curing {unknown}
 n - a potion of invisibility
 o - 2 potions of heal wounds
 p - a potion of lignification {unknown}
Books
 c - a book of Spatial Translocations

   Spells                             Type                      Level
   a - Blink                          Translocation                2
   b - Shroud of Golubria             Charms/Translocation         2
   c - Lesser Beckoning               Translocation                3
   d - Gell's Gravitas                Translocation                3
   e - Teleport Other                 Translocation                3
   f - Passage of Golubria            Translocation                4


   Skills:
 + Level 2.3 Fighting
 * Level 3.1 Long Blades
 - Level 0.7 Throwing
 + Level 1.6 Armour
 + Level 2.8 Dodging
 + Level 2.4 Spellcasting
   Level 2.4 Translocations


You had 7 spell levels left.
You didn't know any spells.

Dungeon Overview and Level Annotations

Branches:
Dungeon (2/15)

Altars:

Annotations:
D:2 Terence


Innate Abilities, Weirdness & Mutations

Your natural rate of healing is unusually fast.
You have razor-sharp teeth.
You have supernaturally acute eyesight. (SInv)
You can survive without breathing.


Message History

Terence zaps a wand.
The puff of flame misses you. Terence barely misses you.
You hit Terence but do no damage.
Terence is lightly wounded.
Terence hits you with a hand axe.
You closely miss Terence.
Terence is lightly wounded.
Terence barely misses you.
You hit Terence but do no damage.
Terence is lightly wounded.
Terence hits you with a hand axe.
You hit Terence but do no damage. Terence hits you with a hand axe.
You hit Terence but do no damage.
Terence zaps a wand.
The puff of flame hits you!
You hit Terence but do no damage. Terence hits you with a hand axe.
You hit Terence but do no damage. You bite Terence, but do no damage.
Terence zaps a wand.
The puff of flame hits you!
* * * LOW HITPOINT WARNING * * *
Unknown command.
Terence zaps a wand.
The puff of flame hits you!
You die...

..##รท.# #.# #...# #.#
......###.#### #...# #.#
.............# ##.## #.#
...#.#.##.##.## #.# #.#
#.............# #.##### ##.##
##.#.#..####..# #.#...####...####
.....#..####..# #.........#......
.....#........####.....##..#.####
...####.##...[..@......##.#.##
#### ##.#####.####@....##.### #
#.#......# #.....###.# ##.##.####
#.##### #.# ####.# #.# #.# #.#
#.# #.# #####.### ... ##.#
#.......# ..... ##..#####
#.###.#.##.....# #.......#


You could see Terence.

Vanquished Creatures
  Robin (D:2)
  2 adders (D:2)
  An ooze (D:1)
  A worm (D:2)
  A dart slug (D:1)
  4 leopard geckos
  A giant cockroach (D:1)
  12 goblins
  4 hobgoblins (D:2)
  4 jackals (D:1)
  A quokka (D:2)
  5 bats (D:1)
  3 frilled lizards
  2 kobolds
  5 rats
47 creatures vanquished.

Notes
Turn   | Place    | Note
-------+----------+-------------------------------------------
     0 | D:1      | inmateoo the Vampire Warper began the quest for the Orb.
     0 | D:1      | Reached XP level 1. HP: 16/16 MP: 3/3
    59 | D:1      | Reached skill level 1 in Armour
    65 | D:1      | Reached XP level 2. HP: 21/22 MP: 5/5
   506 | D:1      | Reached XP level 3. HP: 18/27 MP: 6/6
  1104 | D:2      | Noticed Robin
  1133 | D:2      | Killed Robin
  1231 | D:2      | Reached skill level 3 in Long Blades
  1231 | D:2      | Reached XP level 4. HP: 29/33 MP: 7/7
  1736 | D:2      | Noticed Terence
  1754 | D:2      | Killed from afar by Terence

Skill      XL: |  1  2  3 |
---------------+----------+-----
Armour         | 1 |  1.6
Fighting       | 2 |  2.3
Long Blades    | 3 |  3.1
Throwing       | |  0.7
Dodging        | |  2.8
Spellcasting   | |  2.4
Translocations | |  2.4

Action                   |  1- 3 |  4- 6 || total
-------------------------+-------+-------++-------
Melee: Falchion          |   108 |    38 ||   146
       Bite              |    12 |     4 ||    16
  Use: Scroll            |     3 |     3 ||     6
       Potion            |       |     1 ||     1
 Stab: Sleeping          |     1 |       ||     1
       Distracted        |       |     1 ||     1
  Eat: Corpse            |     9 |     1 ||    10
Armor: Leather armour    |    36 |    11 ||    47
Dodge: Dodged            |    90 |    27 ||   117
       Rpst.: Falchion   |    27 |     7 ||    34
